 Dungeon Crawl Stone Soup version 0.29-a0-1016-g236c7fd91e (webtiles) character file.

Game seed: 9375566951538513464

1783 siradein the Fighter (level 9, 0/75 HPs)
             Began as a Barachi Fighter on Aug 9, 2022.
             Was an Initiate of Okawaru.
             Slain by an orc wizard
             ... wielding a +2 trident of venom
              (5 damage)
             ... on level 6 of the Dungeon on Aug 10, 2022.
             The game lasted 00:24:24 (6795 turns).

siradein the Fighter (Barachi Fighter)              Turns: 6795, Time: 00:24:24

Health: 0/75       AC: 12    Str: 21    XL:     9   Next: 8%
Magic:  18/18      EV:  8    Int:  9    God:    Okawaru [......]
Gold:   322        SH:  5    Dex: 12    Spells: 8/8 levels left

rFire   . . .      SeeInvis .   a - +1 trident
rCold   . . .      Faith    .   c - +0 buckler
rNeg    + . .      Spirit   .   j - +0 chain mail
rPois   +          Reflect  .   m - +1 helmet
rElec   .          Harm     .   (no cloak)
rCorr   .          Rampage  .   (no gloves)
Will    .....                   (no boots)
Stlth   ..........              F - amulet of magic regeneration
HPRegen 0.22/turn               q - ring of magical power
MPRegen 0.56/turn               C - ring of positive energy

@: mighty, lethally poisoned (0 -> -3), slow
A: amphibious, slowness 1, strong legs 1, +LOS, poison resistance
a: Hop, Renounce Religion


You were on level 6 of the Dungeon.
You worshipped Okawaru.
Okawaru was noncommittal.
You visited 2 branches of the dungeon, and saw 7 of its levels.
You also visited: Sewer.

You collected 322 gold pieces.

Inventory:

Hand Weapons
 a - a +1 trident (weapon)
 A - the +8 hand axe of Junel {freeze, Dex+3}
   (You found it on level 4 of the Dungeon)

   It freezes those it strikes, dealing additional cold damage.
   It can also slow down cold-blooded creatures.
   Dex:       It affects your dexterity (+3).
Missiles
 w - 37 stones (quivered)
 B - 3 boomerangs of dispersal
Armour
 c - a +0 buckler (worn)
 j - a +0 chain mail (worn)
 m - a +1 helmet (worn)
Jewellery
 q - a ring of magical power (left hand)
 C - a ring of positive energy (right hand)
 F - an amulet of magic regeneration (around neck)
Wands
 y - a wand of mindburst (23)
Scrolls
 e - 5 scrolls of teleportation
 f - a scroll of fear {unknown}
 g - 3 scrolls of vulnerability {unknown}
 n - 2 scrolls of enchant weapon
 o - a scroll of poison
 p - a scroll of torment {unknown}
 t - a scroll of amnesia {unknown}
 v - a scroll of butterflies {unknown}
 z - a scroll of magic mapping {unknown}
 E - a scroll of summoning {unknown}
Potions
 d - 3 potions of might
 i - 3 potions of mutation
 k - 3 potions of brilliance
 l - 2 potions of magic {unknown}
 r - a potion of haste {unknown}
 s - a potion of resistance {unknown}
 u - a potion of cancellation {unknown}
 x - a potion of ambrosia {unknown}
 G - a potion of berserk rage {unknown}


   Skills:
 + Level 8.6 Fighting
 + Level 6.7 Polearms
 + Level 2.9 Throwing
 + Level 5.5 Armour
 + Level 3.3 Dodging
 + Level 4.9 Shields


You had 8 spell levels left.
You didn't know any spells.
Your spell library contained the following spells:

 Spells                   Type           Power      Damage    Failure   Level
 Blink                    Tloc           0%         N/A       100%        2
 Dazzling Flash           Conj/Hex       0%         N/A       100%        3
 Lesser Beckoning         Tloc           0%         N/A       100%        3
 Iskenderun's Mystic Bla  Conj/Tloc      0%         2d3       100%        4
 Manifold Assault         Tloc           0%         N/A       100%        5
 Starburst                Conj/Fire      0%         6d3       100%        6


Dungeon Overview and Level Annotations

Branches:
Dungeon (6/15)             Temple (1/1) D:6           Sewer (visited)

Altars:
Ashenzari
Cheibriados
Dithmenos
Elyvilon
Fedhas
Gozag
Hepliaklqana
Kikubaaqudgha
Makhleb
Okawaru
Qazlal
Ru
Sif Muna
Trog
Uskayaw
Vehumet
Wu Jian
Xom
Yredelemnul
Zin
The Shining One

Shops:
D:1 [   D:4 (

Annotations:
D:3 2 transporters, 1 runed translucent door, Crazy Yiuf


Innate Abilities, Weirdness & Mutations

You are amphibious.
You cover ground slowly.
You can hop short distances.
You have an extended range of vision and can be seen from far away.
Your system is resistant to poisons. (rPois)


Message History

You feel sick. Something hits you!
You hear some strange, mumbled words.
You are confused.
Unknown command.
You are too injured to fight recklessly!
Unknown command.
You are too injured to fight recklessly!
Unknown command.
You are too injured to fight recklessly!
You feel better. Something hits you!
You are poisoned.
Something hits you but does no damage.
You feel very mighty all of a sudden.
You feel very sick. Something hits you. Something hits you but does no damage.
You puncture something! Okawaru accepts your kill.
Reactivating autopickup.
You feel a bit more experienced.
You feel very sick. Something hits you.
Deactivating autopickup; reactivate with Ctrl-A.
The black bear bites you!
* * * LOW HITPOINT WARNING * * *
The black bear closely misses you.
The black bear claws you but does no damage.
Unknown command.
You puncture the black bear!
You kill the black bear!
Okawaru accepts your kill.
You feel sick. Something hits you.
* * * LOW HITPOINT WARNING * * *
The orc drinks a potion.
The orc seems to grow stronger.
You feel sick. Something hits you.
* * * LOW HITPOINT WARNING * * *
The orc hits you with a +1 trident of protection.
* * * LOW HITPOINT WARNING * * *
Items here: )) [[ †.
You puncture something!
You feel sick. Something hits you.
You die...

....#.. ##.....#
...... .....###
.....'. ##....#####
'....'... #{o..# #@#
##.###########
#...#........#
#.⌠.#........#
#...#........#####
###.###...........#
#.....#...........##
#.....#.............
#..>..#........[....


You could see an orc (strong).

Vanquished Creatures
  Grinder (Sewer)
  A steam dragon (D:4)
  2 black bears
  An ogre (D:5)
  2 phantoms
  A kobold brigand (Sewer)
  2 bullfrogs
  A necrophage (D:5)
  A scorpion (D:5)
  2 quasits (Sewer)
  4 hounds
  A jelly (D:4)
  Jessica (D:2)
  2 iguanas
  2 orc wizards
  Robin (D:2)
  4 gnolls (D:3)
  16 adders
  2 shadow imps
  6 ufetubi
  2 worms
  4 dart slugs
  9 orcs
  9 bats
  7 endoplasms
  4 giant cockroaches
  13 hobgoblins
  2 jackals (D:1)
  29 kobolds
  7 quokkas
  9 ball pythons
  4 frilled lizards
  A giant cockroach zombie (Sewer)
  17 goblins
  A kobold zombie (Sewer)
  13 rats
184 creatures vanquished.

Vanquished Creatures (others)
  An ufetubus (D:4)
  6 withered plants (D:4)
7 creatures vanquished.

Grand Total: 191 creatures vanquished

Notes
Turn   | Place    | Note
-------+----------+-------------------------------------------
     0 | D:1      | siradein the Barachi Fighter began the quest for the Orb.
     0 | D:1      | Reached XP level 1. HP: 18/18 MP: 1/1
    69 | D:1      | Found Feitwap's Armour Shop.
    86 | D:1      | Reached XP level 2. HP: 25/25 MP: 2/2
    92 | D:1      | Reached skill level 4 in Fighting
   381 | D:1      | Reached XP level 3. HP: 31/31 MP: 3/3
   577 | D:2      | Found a faded altar of an unknown god.
   889 | D:2      | Reached XP level 4. HP: 36/38 MP: 4/4
   893 | D:2      | Noticed Robin
  1141 | D:2      | Killed Robin
  1142 | D:2      | Reached skill level 5 in Fighting
  1348 | D:2      | Noticed Jessica
  1363 | D:2      | Killed Jessica
  1532 | D:2      | Reached XP level 5. HP: 44/44 MP: 5/5
  2543 | D:3      | Found a transporter.
  2579 | D:3      | Reached skill level 6 in Fighting
  2598 | D:3      | Reached XP level 6. HP: 29/52 MP: 6/6
  2778 | D:3      | Found a transporter.
  2780 | D:3      | Noticed a kobold demonologist
  2818 | D:3      | Found a glowing drain.
  2823 | Sewer    | Entered a sewer
  2937 | Sewer    | Found a burning altar of Makhleb.
  3061 | Sewer    | Reached skill level 5 in Polearms
  3177 | Sewer    | Reached skill level 7 in Fighting
  3177 | Sewer    | Reached XP level 7. HP: 23/60 MP: 7/7
  3401 | Sewer    | Noticed Grinder
  3450 | Sewer    | Killed Grinder
  3731 | D:3      | Gained mutation: Your system is resistant to poisons.
                  | (rPois) [potion of mutation]
  4104 | D:3      | Found a runed translucent door.
  4105 | D:3      | Noticed Crazy Yiuf
  4343 | D:4      | Found an ancient bone altar of Kikubaaqudgha.
  4399 | D:4      | Found Piuruikk's Weapon Shoppe.
  4457 | D:4      | Found a shimmering blue altar of Sif Muna.
  4680 | D:4      | Identified the +8 hand axe of Junel {freeze, Dex+3}
  4782 | D:4      | Reached skill level 1 in Dodging
  4793 | D:4      | Noticed a steam dragon
  4819 | D:4      | Killed a steam dragon
  4820 | D:4      | Reached skill level 1 in Throwing
  4820 | D:4      | Reached XP level 8. HP: 21/68 MP: 8/8
  5337 | D:5      | Entered Level 5 of the Dungeon
  5348 | D:4      | Reached skill level 8 in Fighting
  6147 | D:5      | Reached skill level 5 in Armour
  6595 | D:6      | Reached XP level 9. HP: 73/75 MP: 9/9
  6619 | D:6      | Found a staircase to the Ecumenical Temple.
  6629 | Temple   | Entered the Ecumenical Temple
  6688 | Temple   | Became a worshipper of Warmaster Okawaru
  6795 | D:6      | Slain by an orc wizard

Illustrated notes

Levels and vault maps discovered:
D:1:      shiori_arrival_maze, layout_basic, serial_shops,
          nicolae_shop_temple_entry_statues_fountains
D:2:      minmay_thinvault, layout_basic, nicolae_ecumenical_oubliette,
          minmay_tetromino_i2, uniq_jessica, uniq_robin
D:3:      gammafunk_wand_slinger, layout_basic, portal_sewer_entry_e,
          reono_crystal_passage, kennysheep_minor_cross, uniq_crazy_yiuf_cottage
D:4:      layout_loops_ring, kiku_gazebo_garden_becter, tgw_sif, serial_shops,
          shop
D:5:      layout_cave_pools
D:6:      layout_basic, minmay_temple_entry_antechambers
Temple:   nicolae_temple_bog_church

Skill      XL: |  1  2  3  4  5  6  7  8 |
---------------+-------------------------+-----
Fighting       | 4 5 6 7 8 |  8.6
Polearms       | 3 4 5 6 |  6.7
Armour         | 4 5 |  5.5
Dodging        | 1 3 |  3.3
Throwing       | 1 2 |  2.9
Shields        | 4 |  4.9

Action                   |  1- 3 |  4- 6 |  7- 9 || total
-------------------------+-------+-------+-------++-------
Melee: Trident           |    80 |   326 |   283 ||   689
       Hand axe          |       |       |     2 ||     2
 Abil: Hop               |       |       |     1 ||     1
Evoke: Wand              |       |       |     3 ||     3
  Use: Scroll            |       |     5 |     4 ||     9
       Potion            |       |       |     3 ||     3
Armor: Scale mail        |    37 |   162 |   112 ||   311
       Chain mail        |       |       |    37 ||    37
Dodge: Dodged            |    19 |   171 |   123 ||   313
Block: Buckler           |    14 |    74 |    56 ||   144

Table legend: (Time is in decaauts)
 A = Elapsed time spent in this place.
 B = Non-inter-level travel time spent in this place.
 C = Inter-level travel time spent in this place.
 D = Time resting spent in this place.
 E = Time spent auto-exploring this place.
 F = Levels seen in this place.
 G = Mean time per level.
                   A        B        C        D        E       F      G
               +--------+--------+--------+--------+--------+-----+--------+
         Total |   7617 |   7165 |    452 |    148 |   5459 |   8 |  952.1 |
       Dungeon |   6605 |   6194 |    411 |    148 |   4787 |   6 | 1100.8 |
        Temple |    163 |    123 |     40 |      0 |    106 |   1 |  163.0 |
         Sewer |    848 |    848 |      0 |      0 |    564 |   1 |  848.0 |
               +--------+--------+--------+--------+--------+-----+--------+

Top non-repeatable levels by time:
     D:2: 1966 daAuts
     D:4: 1193 daAuts
     D:3: 1123 daAuts
     D:5: 1045 daAuts
     D:1: 885 daAuts
   Sewer: 848 daAuts
     D:6: 392 daAuts
  Temple: 163 daAuts
